 Dungeon Crawl Stone Soup version 0.22.1-2-g9c5b331383 (webtiles) character file.

120159 Rediskos the Geomancer (level 16, -1/106 HPs)
             Began as a Gargoyle Earth Elementalist on Nov 25, 2018.
             Was a High Priest of Vehumet.
             Slain by a merfolk siren
             ... wielding a +0 trident
              (6 damage)
             ... on level 4 of the Shoals on Dec 2, 2018.
             The game lasted 02:44:50 (50995 turns).

Rediskos the Geomancer (GrEE)                      Turns: 50995, Time: 02:44:51

Health: -1/106     AC: 30    Str: 12    XL:     16   Next: 81%
Magic:  14/32      EV:  8    Int: 23    God:    Vehumet [*****.]
Gold:   890        SH: 20    Dex: 10    Spells: 4/39 levels left

rFire    + + .     SeeInvis .   x - +2 scimitar (elec)
rCold    + . .     Gourm    .   R - +0 large shield {rC+ rF+}
rNeg     + + .     Faith    .   c - +1 ring mail of Inquiry {rF+ rN+ MR+}
rPois    ∞         Spirit   .   Z - +2 hat
rElec    +         Reflect  +   T - +1 cloak
rCorr    .         Harm     .   n - +0 pair of gloves
MR       +++..                  (no boots)
Stlth    +.........             W - +4 amulet of reflection
HPRegen  0.27/turn              U - ring of protection from magic
MPRegen  0.23/turn              f - +4 ring of protection

@: flying, very slightly contaminated
A: big wings, negative energy resistance 1, electricity resistance, unbreathing,
petrification resistance, rot immunity, AC +12
a: Stop Flying, Renounce Religion


You were on level 4 of the Shoals.
You worshipped Vehumet.
Vehumet was extremely pleased with you.
You were very hungry.

You visited 5 branches of the dungeon, and saw 25 of its levels.
You visited 1 bazaar.

You collected 2427 gold pieces.
You spent 1537 gold pieces at shops.

Inventory:

Hand Weapons
 x - a +2 scimitar of electrocution (weapon)
Missiles
 I - 479 stones (quivered)
Armour
 c - the +1 ring mail of Inquiry (worn) {rF+ rN+ MR+}
   (You found it on level 7 of the Dungeon)

   It protects you from fire.
   It protects you from negative energy.
   It affects your resistance to hostile enchantments.
 n - a +0 pair of gloves (worn)
 R - a +0 large shield of resistance (worn)
 T - a +1 cloak (worn)
 Z - a +2 hat (worn)
Jewellery
 f - a +4 ring of protection (right hand)
 l - an uncursed ring of protection from fire
 s - an uncursed ring of resist corrosion
 C - an uncursed ring of protection from cold
 K - an uncursed ring of teleportation
 U - a ring of protection from magic (left hand)
 W - a +4 amulet of reflection (around neck)
 X - an uncursed ring of protection from cold
Wands
 j - a wand of disintegration (11)
 q - a wand of paralysis (14)
 F - a wand of flame (108)
 N - a wand of acid (9)
Scrolls
 a - 4 scrolls of enchant armour
 i - 2 scrolls of magic mapping
 k - 6 scrolls of remove curse
 o - 8 scrolls of teleportation
 r - 2 scrolls of immolation
 v - a scroll of torment
 w - 2 scrolls of fear
 y - a scroll of blinking
 D - a scroll of random uselessness
 H - 5 scrolls of amnesia
 L - a scroll of brand weapon
 Q - 3 scrolls of fog
Potions
 e - 10 potions of curing
 h - 5 potions of flight
 m - a potion of resistance
 p - a potion of haste
 t - 4 potions of might
 z - 4 potions of heal wounds
 A - 2 potions of agility
 E - a potion of magic
 J - 3 potions of lignification
 M - a potion of mutation
 O - 2 potions of invisibility
 S - a potion of cancellation
 Y - a potion of brilliance
Miscellaneous
 b - a phial of floods
 g - a crystal ball of energy
Comestibles
 d - 8 rations


   Skills:
 - Level 14.1 Fighting
 - Level 12.0 Armour
 - Level 1.5 Dodging
 - Level 2.1 Stealth
 + Level 12.4 Shields
 - Level 12.2 Spellcasting
 - Level 8.0 Conjurations
 + Level 5.3 Translocations
 - Level 6.2 Transmutations
 - Level 3.2 Fire Magic
 + Level 14.5 Earth Magic


You had 4 spell levels left.
You knew the following spells:

 Your Spells              Type           Power        Failure   Level  Hunger
a - Iron Shot             Conj/Erth      ######....   17%         6    #####..
b - Passwall              Tmut/Erth      ######..     1%          2    None
c - Stone Arrow           Conj/Erth      ######       1%          3    None
d - Lee's Rapid Deconstr  Erth           ######....   1%          5    ###....
e - Mephitic Cloud        Conj/Pois/Air  ####....     11%         3    None
f - Fireball              Conj/Fire      #####.....   28%         5    ###....
g - Sandblast             Erth           ######       1%          1    None
q - Blink                 Tloc           N/A          7%          2    None
w - Passage of Golubria   Tloc           N/A          43%         4    None
x - Petrify               Tmut/Erth      ######..     6%          4    None

Your spell library contained the following spells:

 Spells                   Type           Power        Failure   Level  Hunger
 Ozocubu's Refrigeration  Ice            ##........   100%        6    #####..
 Beastly Appendage        Tmut           #####.       3%          1    None
 Conjure Flame            Conj/Fire      #####...     3%          3    None
 Sticks to Snakes         Tmut           #####...     4%          2    None
 Ignite Poison            Fire/Tmut/Pois ####....     10%         3    None
 Gell's Gravitas          Tloc           #####.....   14%         3    None
 Lesser Beckoning         Tloc           #####.....   14%         3    None
 Teleport Other           Tloc           #####...     14%         3    None
 Inner Flame              Hex/Fire       ###.....     17%         3    None
 Shroud of Golubria       Chrm/Tloc      ####......   22%         2    None
 Leda's Liquefaction      Hex/Erth       #####.....   22%         4    None
 Spider Form              Tmut/Pois      ####......   34%         3    None
 Corona                   Hex            ##.....      38%         1    None
 Portal Projectile        Hex/Tloc       ####..       38%         3    None
 Recall                   Summ/Tloc      N/A          38%         3    None
 Poisonous Vapours        Pois/Air       ##....       54%         2    None
 Slow                     Hex            ##......     54%         2    None
 Ice Form                 Ice/Tmut       ####....     75%         4    None
 Cause Fear               Hex            ##........   99%         4    None
 Blade Hands              Tmut           #####.....   65%         5    ###....
 Bolt of Fire             Conj/Fire      #####.....   82%         6    #####..
 Poison Arrow             Conj/Pois      ####......   95%         6    #####..
 Summon Forest            Summ/Tloc      ####......   98%         5    ###....
 Freezing Cloud           Conj/Ice/Air   ####......   99%         6    #####..
 Lehudib's Crystal Spear  Conj/Erth      ######....   99%         8    #######
 Aura of Abjuration       Summ           ##........   100%        5    ###....
 Summon Demon             Summ           ##........   100%        5    ###....
 Summon Mana Viper        Hex/Summ       ##......     100%        5    ###....
 Shadow Creatures         Summ           N/A          100%        6    #####..
 Ring of Flames           Chrm/Fire      ###.......   100%        7    ######.
 Chain Lightning          Conj/Air       ####......   100%        8    #######
 Ignition                 Fire           ####......   100%        8    #######
 Fire Storm               Conj/Fire      #####.....   100%        9    #######
 Glaciate                 Conj/Ice       ####......   100%        9    #######


Dungeon Overview and Level Annotations

Branches:
Dungeon (12/15)            Temple (1/1) D:5            Lair (6/6) D:10
 Shoals (4/4) Lair:2       Spider (0/4) Lair:4        Slime (0/5) Lair:6
    Orc (2/2) D:12            Elf (0/3) Orc:2

Altars:
Ashenzari
Cheibriados
Dithmenos
Elyvilon
Fedhas
Gozag
Hepliaklqana
Kikubaaqudgha
Makhleb
Nemelex Xobeh
Okawaru
Qazlal
Ru
Sif Muna
Trog
Uskayaw
Vehumet
Wu Jian
Xom
Yredelemnul
Zin
The Shining One

Shops:
D:10 *   Orc:2 [}=[:

Annotations:
D:12 3 runed doors


Innate Abilities, Weirdness & Mutations

You are resistant to torment.
Your stone body is resilient. (AC +12)
You are immune to poison.
Your large and strong wings let you fly indefinitely.
You resist negative energy. (rN+)
You are resistant to electric shocks. (rElec)
You can survive without breathing.
You are immune to petrification.
You are immune to rotting.


Message History

The merfolk impaler freezes you.
* * * LOW HITPOINT WARNING * * *
The merfolk barely misses you.
The merfolk siren hits you but does no damage.
The merfolk hits you but does no damage.
The merfolk impaler hits you from afar with a demon trident of freezing.
* * * LOW HITPOINT WARNING * * *
The merfolk impaler freezes you.
* * * LOW HITPOINT WARNING * * *
You block the harpy's attack. x2; The harpy claws you!
* * * LOW HITPOINT WARNING * * *
The harpy claws you but does no damage.
The merfolk hits you but does no damage.
The harpy claws you!
* * * LOW HITPOINT WARNING * * *
The harpy claws you but does no damage.
The merfolk impaler hits you but does no damage.
The harpy claws you but does no damage. You block the harpy's attack.
The merfolk siren hits you from afar with a trident.
You die...

.≈≈≈≈≈≈≈≈≈≈≈≈≈≈
.m≈≈≈≈≈≈≈≈≈≈≈≈≈
....≈≈≈≈≈≈≈≈≈≈≈
..≈..≈≈≈≈≈≈..≈≈ .....
.....≈..≈≈...≈≈ .......
#.......≈≈≈.≈≈≈ .......
.....m.H≈≈≈≈≈≈. .....##
......m.@H≈≈≈≈≈≈
......##......m.H...≈≈≈≈
##.....H........m....≈≈≈
......H...#....#....≈..≈
.....<.≈≈..........≈...≈
...[)≈≈≈≈..........≈≈≈≈≈
m.....≈≈.....≈ ...≈≈≈≈≈≈
≈≈)≈≈≈≈≈≈..≈P≈P......≈≈≈
≈≈≈≈≈≈≈≈≈≈PPP


You could see a merfolk impaler, a merfolk javelineer, 2 merfolk, a merfolk
siren and 3 harpies.

Vanquished Creatures
  A frost giant (Shoals:4)
  5 dire elephants (Lair:6)
  A merfolk javelineer (Shoals:2)
  6 merfolk impalers
  10 hydras
  The ghost of Marjanaama the Black Sun, a journeyman DsNe of Kikubaaqudgha (Orc:1)
  3 merfolk avatars
  An anaconda (Lair:6)
  17 two-headed ogres
  A satyr (Shoals:3)
  6 death yaks
  4 ogre magi (Orc:2)
  Urug (Lair:6)
  4 sea snakes
  An unseen horror (D:11)
  An orange crystal statue (Shoals:2)
  An orc sorcerer (Orc:2)
  An ugly thing (D:11)
  2 orc knights (Orc:1)
  A harpy (Shoals:4)
  3 oklob plants
  16 fauns
  8 manticores
  4 cyclopes
  19 elephants
  8 merfolk sirens
  A water nymph (Shoals:1)
  9 black mambas
  2 molten gargoyles (Lair:4)
  11 spiny frogs
  A centaur zombie (D:12)
  A gargoyle (D:10)
  A torpor snail (Lair:3)
  3 rime drakes
  An efreet (D:10)
  12 komodo dragons
  19 merfolk
  2 trolls
  A hornet (D:7)
  2 polar bears (Lair:4)
  4 wind drakes
  24 blink frogs
  14 dream sheep
  3 snapping turtles
  7 hippogriffs
  8 water elementals
  A vampire (D:12)
  46 yaks
  2 wyverns (D:12)
  A steam dragon (D:12)
  Grum (D:10)
  A basilisk (Lair:2)
  A hungry ghost (D:8)
  3 acid dragons
  7 wargs
  8 water moccasins
  Duvessa (D:7)
  7 porcupines
  3 sky beasts
  2 black bears
  4 ice beasts
  11 orc warriors
  37 ogres
  An eye of draining (D:12)
  26 wolves
  10 centaurs
  12 crocodiles
  22 bullfrogs
  2 gnoll sergeants
  Dowan (D:7)
  A wyvern skeleton (D:10)
  5 scorpions
  4 killer bees (D:7)
  7 howler monkeys
  14 wights
  4 crimson imps
  5 lava snakes (Lair:4)
  2 bullfrog zombies
  A quasit (D:12)
  5 centaur skeletons
  6 hounds
  Crazy Yiuf (D:7)
  3 bullfrog skeletons
  3 jellies
  12 orc priests
  An iguana (D:9)
  15 orc wizards
  7 worker ants
  2 hound skeletons (D:5)
  A worker ant zombie (D:8)
  6 gnolls
  A howler monkey skeleton (D:9)
  12 adders
  2 shadow imps
  4 oozes (Lair:6)
  2 adder skeletons
  An adder zombie (D:6)
  3 worms
  4 leopard geckos
  89 orcs
  3 ball pythons
  2 giant cockroaches
  12 hobgoblins
  14 jackals
  7 kobolds
  3 quokkas
  8 bats
  6 frilled lizards
  8 goblins
  A leopard gecko skeleton (D:6)
  12 rats
  9 plants
770 creatures vanquished.

Vanquished Creatures (others)
  A merfolk javelineer (Shoals:4)
  2 merfolk aquamancers
  A merfolk avatar (Shoals:3)
  2 fauns (Shoals:3)
  A butterfly (Lair:6)
  24 fungi
  16 plants
  21 tentacles (Shoals:3)
68 creatures vanquished.

Grand Total: 838 creatures vanquished

Notes
Turn   | Place    | Note
-------+----------+-------------------------------------------
     0 | D:1      | Rediskos the Gargoyle Earth Elementalist began the quest
                  | for the Orb.
     0 | D:1      | Reached XP level 1. HP: 10/10 MP: 3/3
   241 | D:1      | Reached XP level 2. HP: 16/16 MP: 1/5
   325 | D:1      | Reached skill level 1 in Fighting
   674 | D:1      | Learned a level 2 spell: Passwall
  1277 | D:2      | Reached XP level 3. HP: 20/20 MP: 2/6
  1419 | D:2      | Reached XP level 4. HP: 26/26 MP: 2/8
  1470 | D:2      | Learned a level 3 spell: Stone Arrow
  2559 | D:3      | Reached skill level 1 in Conjurations
  2559 | D:3      | Reached XP level 5. HP: 29/31 MP: 1/9
  2965 | D:3      | Found a sacrificial altar of Ru.
  3332 | D:4      | Reached skill level 5 in Earth Magic
  3462 | D:4      | Found a blossoming altar of Fedhas.
  3764 | D:4      | Found an iron altar of Okawaru.
  3781 | D:4      | Reached XP level 6. HP: 33/37 MP: 2/11
  4254 | D:4      | Found a glowing golden altar of the Shining One.
  4891 | D:5      | Entered Level 5 of the Dungeon
  5024 | D:5      | Reached XP level 7. HP: 42/42 MP: 1/12
  5162 | D:5      | Found a staircase to the Ecumenical Temple.
  5172 | Temple   | Entered the Ecumenical Temple
  5416 | Temple   | Became a worshipper of Vehumet
  5518 | D:5      | Found a shattered altar of Ashenzari.
  5935 | D:5      | Learned a level 5 spell: Lee's Rapid Deconstruction
  6124 | D:5      | Found a shadowy altar of Dithmenos.
  6545 | D:5      | Reached XP level 8. HP: 48/48 MP: 7/14
  6563 | D:6      | Found a hazy altar of Hepliaklqana.
  7013 | D:6      | Found a sparkling altar of Nemelex Xobeh.
  7045 | D:6      | Learned a level 4 spell: Petrify
  7104 | D:6      | Reached skill level 5 in Fighting
  7625 | D:7      | Reached skill level 1 in Transmutations
  7633 | D:7      | Reached * piety under Vehumet
  7633 | D:7      | Offered knowledge of Freeze by Vehumet.
  8014 | D:7      | Reached skill level 5 in Spellcasting
  8021 | D:7      | Reached XP level 9. HP: 55/55 MP: 9/16
  8133 | D:7      | Noticed Dowan
  8137 | D:7      | Noticed Duvessa
  8151 | D:7      | Found a sacrificial altar of Ru.
  8157 | D:7      | Killed Duvessa
  8190 | D:7      | Killed Dowan
  8457 | D:7      | Found a runed door.
  8555 | D:7      | Noticed a hornet
  8564 | D:7      | Killed a hornet
  8604 | D:7      | Got a turquoise-encrusted ring mail
  8615 | D:7      | Identified the +1 ring mail of Inquiry {rF+ rN+ MR+} (You
                  | found it on level 7 of the Dungeon)
  8752 | D:7      | Noticed Crazy Yiuf
  8760 | D:7      | Killed Crazy Yiuf
  8760 | D:7      | Offered knowledge of Magic Dart by Vehumet.
  9047 | D:8      | Reached ** piety under Vehumet
  9164 | D:8      | Noticed a two-headed ogre
  9652 | D:8      | Found a deep blue altar of Sif Muna.
  9966 | D:8      | Found a glowing silver altar of Zin.
 10111 | D:9      | Reached XP level 10. HP: 63/63 MP: 15/19
 10213 | D:9      | Found a stormy altar of Qazlal.
 10280 | D:9      | Noticed a two-headed ogre
 10908 | D:9      | Killed a two-headed ogre
 10908 | D:9      | Reached skill level 10 in Earth Magic
 10944 | D:9      | Offered knowledge of Ignite Poison by Vehumet.
 11251 | D:9      | Reached skill level 5 in Transmutations
 11678 | D:9      | Found an ornate altar of the Wu Jian Council.
 11736 | D:10     | Entered Level 10 of the Dungeon
 11853 | D:10     | Noticed a two-headed ogre
 11858 | D:10     | Killed a two-headed ogre
 11981 | D:10     | Reached *** piety under Vehumet
 11995 | D:10     | Killed a two-headed ogre
 11995 | D:10     | Reached skill level 1 in Armour
 11995 | D:10     | Reached XP level 11. HP: 71/71 MP: 5/22
 12126 | D:10     | Noticed an oklob plant
 12129 | D:10     | Noticed an oklob plant
 12137 | D:10     | Found a staircase to the Lair.
 12208 | D:10     | Killed an oklob plant
 13027 | D:10     | Killed an oklob plant
 13314 | D:10     | Noticed a two-headed ogre
 13319 | D:10     | Killed a two-headed ogre
 13658 | D:10     | Offered knowledge of Airstrike by Vehumet.
 13843 | D:10     | Found Maosiqeo's General Store.
 13875 | D:10     | Noticed Grum
 13889 | D:10     | Killed Grum
 14283 | Lair:1   | Entered Level 1 of the Lair of Beasts
 14505 | Lair:1   | Reached **** piety under Vehumet
 14711 | Lair:1   | Reached skill level 10 in Fighting
 14984 | Lair:1   | Offered knowledge of Iskenderun's Mystic Blast by Vehumet.
 14984 | Lair:1   | Reached skill level 5 in Armour
 15172 | Lair:1   | Reached XP level 12. HP: 77/77 MP: 14/24
 16258 | Lair:1   | Reached skill level 1 in Shields
 16533 | Lair:2   | Noticed a four-headed hydra
 17065 | Lair:2   | Killed a four-headed hydra
 17098 | Lair:2   | Noticed a five-headed hydra
 17827 | Lair:1   | Learned a level 3 spell: Mephitic Cloud
 17959 | D:11     | Noticed a seven-headed hydra
 18905 | Lair:2   | Found a staircase to the Shoals.
 19419 | Lair:2   | Got a translucent ring mail
 19613 | Lair:2   | Noticed a death yak
 19615 | Lair:2   | Noticed a death yak
 19615 | Lair:2   | Noticed a death yak
 19616 | Lair:2   | Noticed a death yak
 19617 | Lair:2   | Noticed a death yak
 19621 | Lair:2   | Noticed a death yak
 19636 | Lair:1   | Killed a death yak
 19968 | Lair:1   | Killed a death yak
 19972 | Lair:1   | Killed a death yak
 20023 | Lair:1   | Identified the +1 ring mail "Oryuc" {*Slow rElec SInv} (You
                  | found it on level 2 of the Lair of Beasts)
 20056 | Lair:2   | Killed a death yak
 20066 | Lair:1   | Killed a death yak
 20163 | Lair:2   | Killed a death yak
 20520 | Lair:3   | Reached XP level 13. HP: 84/84 MP: 23/26
 21222 | Lair:3   | Reached skill level 5 in Shields
 21438 | Lair:3   | Found a runed door.
 22413 | Lair:3   | Reached skill level 10 in Spellcasting
 22624 | Lair:4   | Reached ***** piety under Vehumet
 22629 | Lair:4   | Offered knowledge of Bolt of Cold by Vehumet.
 24354 | Lair:4   | Found a hole to the Spider Nest.
 27456 | Lair:5   | Gained mutation: Your large and strong wings let you fly
                  | indefinitely. [Gargoyle growth]
 27456 | Lair:5   | Reached XP level 14. HP: 92/92 MP: 3/28
 28604 | Lair:6   | Entered Level 6 of the Lair of Beasts
 28604 | Lair:6   | Found a staircase to the Slime Pits.
 29583 | Lair:6   | Reached skill level 10 in Armour
 30794 | Lair:6   | Noticed Urug
 30804 | Lair:6   | Killed Urug
 31879 | Lair:6   | Noticed a dire elephant
 31879 | Lair:6   | Noticed a dire elephant
 31893 | Lair:6   | Noticed a dire elephant
 32226 | Lair:6   | Killed a dire elephant
 32379 | Lair:6   | Noticed a dire elephant
 32391 | Lair:6   | Killed a dire elephant
 32662 | Lair:6   | Killed a dire elephant
 32662 | Lair:6   | Offered knowledge of Iskenderun's Battlesphere by Vehumet.
 32903 | Lair:6   | Killed a dire elephant
 33031 | Lair:6   | Noticed a dire elephant
 33031 | Lair:6   | Noticed a dire elephant
 33516 | Lair:6   | Killed a dire elephant
 35053 | D:11     | Reached XP level 15. HP: 70/99 MP: 25/30
 35840 | D:11     | Found a basalt altar of Yredelemnul.
 36793 | D:12     | Found a staircase to the Orcish Mines.
 36993 | D:12     | Offered knowledge of Conjure Ball Lightning by Vehumet.
 36996 | D:12     | Reached skill level 10 in Shields
 37524 | D:12     | Found a runed gate.
 37525 | D:12     | Found a runed gate.
 37526 | D:12     | Found a runed gate.
 37991 | Orc:1    | Entered Level 1 of the Orcish Mines
 38000 | D:12     | Learned a level 5 spell: Fireball
 38067 | Orc:2    | Entered Level 2 of the Orcish Mines
 39088 | Orc:2    | Found a staircase to the Elven Halls.
 39126 | Orc:2    | Reached skill level 1 in Fire Magic
 39535 | Orc:2    | Found Zialesh's Book Shoppe.
 40905 | Orc:2    | Found Qasoxzed's Antique Armour Shop.
 40905 | Orc:2    | Found Leoz's Jewellery Shoppe.
 40906 | Orc:2    | Found Remeisuir's Gadget Shoppe.
 40906 | Orc:2    | Found Yserink's Armour Boutique.
 41131 | Orc:1    | Offered knowledge of Iron Shot by Vehumet.
 41139 | Orc:1    | Learned a level 6 spell: Iron Shot
 41324 | Orc:1    | Found a large runed door.
 41328 | Orc:1    | Found a large runed door.
 41379 | Orc:1    | Noticed Marjanaama's ghost (journeyman DsNe)
 41516 | Orc:1    | Killed Marjanaama's ghost
 41728 | Orc:2    | Bought a book of Spatial Translocations for 1040 gold
                  | pieces
 41731 | Orc:2    | Learned a level 2 spell: Blink
 41736 | Orc:2    | Learned a level 4 spell: Passage of Golubria
 41754 | Orc:2    | Bought a +4 amulet of reflection for 432 gold pieces
 41927 | Shoals:1 | Entered Level 1 of the Shoals
 42540 | Shoals:1 | Reached skill level 1 in Translocations
 42842 | Shoals:1 | Identified a scroll of acquirement
 42897 | Shoals:1 | Reached skill level 5 in Conjurations
 43461 | Shoals:1 | Reached XP level 16. HP: 100/106 MP: 14/32
 46833 | Shoals:2 | Found a gateway to a bazaar.
 46840 | Bazaar   | Entered a bazaar
 46854 | Bazaar   | Found Oroawa's Gadget Shoppe.
 46874 | Bazaar   | Found Huquff Hopn's Gadget Shoppe.
 46894 | Bazaar   | Found Wugysaemp's Distillery.
 46923 | Bazaar   | Found Emizeriu's Distillery.
 46927 | Bazaar   | Bought a potion of heal wounds for 65 gold pieces
 48020 | Shoals:3 | Noticed a kraken
 48996 | Shoals:3 | Reached skill level 5 in Translocations
 50085 | Shoals:4 | Entered Level 4 of the Shoals
 50116 | Shoals:4 | Offered knowledge of Ozocubu's Refrigeration by Vehumet.
 50995 | Shoals:4 | HP: 5/106 [harpy (9)]
 50995 | Shoals:4 | Slain by a merfolk siren

Skill      XL: |  1  2  3  4  5  6  7  8  9 10 11 12 13 14 15 16 |
---------------+-------------------------------------------------+-----
Fighting       | 1 2 3 4 6 7 9 10 11 12 13 14 | 14.1
Earth Magic    | 4 5 6 8 9 10 11 12 13 14 | 14.5
Spellcasting   | 3 4 5 6 7 8 9 10 11 12 | 12.2
Conjurations   | 1 2 4 5 8 |  8.0
Transmutations | 2 4 5 6 |  6.2
Armour         | 1 5 7 9 10 12 | 12.0
Shields        | 4 7 9 10 12 | 12.4
Fire Magic     | 3 |  3.2
Translocations | 1 5 |  5.3
Dodging        | |  1.5
Stealth        | |  2.1

Action                   |  1- 3 |  4- 6 |  7- 9 | 10-12 | 13-15 | 16-18 || total
-------------------------+-------+-------+-------+-------+-------+-------++-------
Melee: Unarmed           |     7 |       |       |       |       |       ||     7
       Short sword       |     7 |     3 |    29 |       |       |       ||    39
       Dagger            |     7 |       |       |       |       |       ||     7
       Scimitar          |       |       |       |    62 |   273 |    84 ||   419
Throw: Stone             |       |       |     1 |       |       |     7 ||     8
 Cast: Sandblast         |    40 |   126 |   114 |   157 |    25 |       ||   462
       Stone Arrow       |       |     8 |    76 |   182 |   904 |   321 ||  1491
       Petrify           |       |       |     3 |    43 |    40 |     3 ||    89
       Passwall          |       |       |     2 |       |     2 |       ||     4
       Lee's Rapid Decon |       |       |     1 |    64 |    63 |     7 ||   135
       Mephitic Cloud    |       |       |       |     1 |    14 |     4 ||    19
       Blink             |       |       |       |       |       |     1 ||     1
       Passage of Golubr |       |       |       |       |       |     1 ||     1
 Abil: Fly               |       |       |       |       |     1 |       ||     1
Evoke: Wand              |       |       |       |     3 |       |       ||     3
       Phial of floods   |       |       |       |       |     1 |       ||     1
  Use: Scroll            |       |     9 |     5 |     7 |    12 |     1 ||    34
       Potion            |       |       |     5 |       |     3 |       ||     8
 Stab: Petrified         |       |       |     1 |       |     1 |     3 ||     5
  Eat: Chunk             |     2 |    12 |    15 |    19 |    47 |    10 ||   105
       Ration            |       |       |     2 |     9 |    10 |     4 ||    25
Armor: Robe              |    12 |    23 |     2 |       |       |       ||    37
       Scale mail        |       |     7 |       |       |       |       ||     7
       Skin              |       |     2 |       |       |       |       ||     2
       Ring mail         |       |       |    89 |   163 |   547 |   167 ||   966
Dodge: Dodged            |    24 |    33 |    68 |   105 |   285 |    69 ||   584
Block: Shield            |       |       |       |     4 |   385 |       ||   389
       Large shield      |       |       |       |       |    20 |   340 ||   360
       Reflection        |       |       |       |       |    13 |    64 ||    77
       Rpst.: Scimitar   |       |       |       |    13 |    65 |    11 ||    89
